 Dungeon Crawl Stone Soup version 0.28-a0-851-g8b9cc49659 (webtiles) character file.

Game seed: 1461671463474304942

26869 freelancePsychic the Thaumaturge (level 13, 0/96 HPs)
             Began as a Djinni Air Elementalist on Nov 14, 2021.
             Was an Elder of Makhleb.
             Slain by a two-headed ogre (26 damage)
             ... on level 9 of the Dungeon.
             The game lasted 00:35:31 (24114 turns).

freelancePsychic the Thaumaturge (DjAE)            Turns: 24114, Time: 00:35:31

Health: 0/96       AC:  3    Str:  7    XL:     13   Next: 61%
Gold:   762        EV: 16    Int: 22    God:    Makhleb [****..] SH:  0 Dex: 14

rFire   + + +      SeeInvis +   r - +3 dagger
rCold   . . .      Faith    .   (no shield)
rNeg    + . .      Spirit   .   H - +0 robe of Kips {Archmagi}
rPois   ∞          Reflect  .   N - +1 hat {SInv}
rElec   .          Harm     .   O - scarf {rC+ rF+}
rCorr   .          Rampage  .   (no gloves)
Will    +....      Archmagi +   (boots unavailable)
Stlth   ++........              (no amulet)
HPRegen 0.26/turn               o - ring of protection from fire
MPRegen 0.00/turn               K - ring of positive energy

@: flying
A: sickness immunity, fire resistance 2, cold vulnerability 1, float, innate
caster, hp casting, extra vitality 1
a: Renounce Religion, Minor Destruction, Lesser Servant of Makhleb, Major
Destruction


You were on level 9 of the Dungeon.
You worshipped Makhleb.
Makhleb was greatly pleased with you.
You visited 3 branches of the dungeon, and saw 15 of its levels.
You also visited: Ossuary.

You collected 856 gold pieces.
You spent 94 gold pieces at shops.

Inventory:

Hand Weapons
 r - a +3 dagger (weapon)
Missiles
 x - 2 throwing nets
Armour
 g - a scarf of invisibility
 h - a +0 cloak
 t - +0 steam dragon scales
 H - the +0 robe of Kips (worn) {Archmagi}
   (You found it on level 1 of the Lair of Beasts)

   Archmagi:  It increases the power of your magical spells.
 N - a +1 hat of see invisible (worn)
 O - a scarf of resistance (worn)
Magical Staves
 y - a staff of conjuration
Jewellery
 j - an amulet of faith
 o - a ring of protection from fire (left hand)
 C - a ring of fire
 K - a ring of positive energy (right hand)
 M - a +6 ring of intelligence
 P - a ring of ice
Wands
 A - a wand of iceblast (15)
 G - a wand of polymorph (9)
 I - a wand of acid (26)
 J - a wand of flame (29)
Scrolls
 a - 4 scrolls of vulnerability
 f - 9 scrolls of teleportation {@r4}
 m - 3 scrolls of holy word
 p - a scroll of magic mapping
 u - 3 scrolls of enchant armour
 v - 2 scrolls of torment
 z - 6 scrolls of identify {@r1}
 B - 2 scrolls of blinking
 E - a scroll of summoning
 L - a scroll of immolation
Potions
 b - 4 potions of degeneration {unknown}
 c - 6 potions of curing {@q1}
 d - 2 potions of lignification {unknown}
 e - a potion of flight {unknown}
 i - 2 potions of heal wounds {@q2}
 k - 5 potions of cancellation {unknown}
 l - 3 potions of ambrosia {unknown}
 n - a potion of brilliance {unknown}
 q - a potion of might {unknown}
 s - 2 potions of haste {unknown}
 w - 4 potions of mutation {unknown}
 D - a potion of attraction {unknown}
Miscellaneous
 F - a phial of floods (inert)


   Skills:
 - Level 10.1 Fighting
 - Level 9.0 Dodging
 - Level 1.5 Stealth
 + Level 12.4 Spellcasting
 + Level 9.3 Evocations


You had 7 spell levels left.
You knew the following spells:

 Your Spells              Type           Power      Damage    Failure   Level
a - Shock                 Conj/Air       100%       1d9       1%          1
b - Static Discharge      Conj/Air       80%        N/A       1%          2
c - Swiftness             Air            80%        N/A       1%          3
d - Airstrike             Air            40%        N/A       1%          4
e - Summon Lightning Spi  Summ/Air       80%        N/A       1%          4
f - Ensorcelled Hibernat  Hex/Ice        100%       N/A       1%          2
g - Portal Projectile     Hex/Tloc       100%       N/A       1%          3
h - Sticky Flame          Conj/Fire      80%        2d9       1%          4
i - Metabolic Englaciati  Hex/Ice        40%        N/A       1%          5
j - Beastly Appendage     Tmut           100%       N/A       1%          1
Your spell library was empty.

Dungeon Overview and Level Annotations

Branches:
Dungeon (11/15)            Temple (1/1) D:7            Lair (3/6) D:8
Ossuary (visited)
  Swamp: Lair:2-4    Shoals: Lair:2-4     Snake: Lair:2-4    Spider: Lair:2-4
    Orc: D:9-12

Altars:
Ashenzari
Cheibriados
Dithmenos
Elyvilon
Fedhas
Gozag
Hepliaklqana
Kikubaaqudgha
Makhleb
Nemelex Xobeh
Okawaru
Qazlal
Ru
Sif Muna
Trog
Uskayaw
Vehumet
Wu Jian
Xom
Yredelemnul
Zin
The Shining One

Shops:
D:8 *   D:9 [

Portals:
Abyss: D:7

Annotations:
D:2 Terence
D:4 2 transporters, exclusion: ice beast
D:6 2 transporters, petzl's ghost, novice OpAM
D:7 2 transporters, siradein's ghost, novice TrMo


Innate Abilities, Weirdness & Mutations

You are immune to sickness and miasma.
You are immune to poison.
Your flesh is very heat resistant. (rF++)
You are vulnerable to cold. (rC-)
You float through the air rather than walking.
You learn spells naturally, not from books.
Your magical power is your life essence.
You have superior vitality. (+4 HP)


Message History

The orc is struck by an arc of lightning.
The orc is almost dead.
You are struck by an arc of lightning.
The orc is struck by an arc of lightning!
You kill the orc!
Makhleb accepts your kill.
You feel better.
The lightning grounds out.
HP restored.
Things that are here:
a +0 club; a +0 club; an orc corpse A two-headed ogre comes into view.
It is wielding a +0 giant spiked club and a +0 giant club.
A two-headed ogre is nearby!
You feel a surge of power!
The air twists around and strikes the two-headed ogre!
The two-headed ogre shouts in stereo!
The two-headed ogre is moderately wounded.
You feel a surge of power!
The air twists around and strikes the two-headed ogre!
The two-headed ogre is heavily wounded.
Casting: Airstrike (safe; 1% risk of failure)
Confirm with . or Enter, or press ? or * to list all spells.
You feel a surge of power!
The two-headed ogre is struck by an arc of lightning!
The two-headed ogre is severely wounded.
You are struck by an arc of lightning.
The two-headed ogre is struck by an arc of lightning.
The two-headed ogre is severely wounded.
You are struck by an arc of lightning.
The lightning grounds out.
The two-headed ogre misses you.
The two-headed ogre hits you with a +0 giant club!!
Casting: Static Discharge (safe; 1% risk of failure)
Confirm with . or Enter, or press ? or * to list all spells.
You feel a surge of power!
The two-headed ogre is struck by an arc of lightning.
The two-headed ogre is severely wounded.
You are struck by an arc of lightning.
The lightning grounds out.
The two-headed ogre hits you with a +0 giant spiked club!!
* * * LOW HITPOINT WARNING * * *
The two-headed ogre hits you with a +0 giant club!!
You die...

.#.#######.# #.#
.#.........#####.#
.########......#.#
......# #.####.#.#
#####.# #.# #.#
....#.# #.# #.#
....#.# #.# #.#
#####.# ..# #.#
#.# #.. #@# #.#
#.. #.O.# #####.#
#.# #.### #...#.#
#. #.#.#.# #
#.#.#.# #.#.#.#
..#.#.# ###.#.#


You could see a two-headed ogre.

Vanquished Creatures
  Gastronok (Lair:3)
  Snorg (D:10)
  2 hydras
  A centaur warrior (D:10)
  A two-headed ogre (D:9)
  Pikel (D:6)
  A manticore (D:11)
  2 black mambas (Lair:3)
  A gargoyle (D:10)
  2 rime drakes
  4 cane toads
  Maggie (D:6)
  A kobold demonologist (D:9)
  2 trolls
  A polar bear (Lair:3)
  Grinder (D:4)
  2 blink frogs (Lair:2)
  A hornet (D:9)
  2 shadows
  22 yaks
  A wraith (D:10)
  Eustachio (D:6)
  4 wyverns
  5 steam dragons
  4 vampire mosquitoes (D:11)
  A basilisk (Lair:3)
  2 wargs (D:10)
  4 acid dragons
  7 water moccasins
  7 orc warriors
  6 ogres
  A necrophage (D:8)
  2 black bears
  9 centaurs
  4 wolves (Lair:3)
  3 lemures
  A phantom (D:5)
  6 kobold brigands
  3 scorpions
  8 bullfrogs
  A wyvern zombie (D:6)
  2 water moccasin zombies (Ossuary)
  7 killer bees (D:9)
  2 wights (D:9)
  4 howler monkeys
  An electric eel (D:10)
  3 bullfrog zombies
  4 centaur zombies
  5 hounds
  4 gnoll shamans
  4 orc priests
  5 iguanas
  A jelly (D:6)
  Jessica (D:2)
  14 orc wizards
  A killer bee zombie (D:7)
  2 mummies (Ossuary)
  2 howler monkey zombies
  12 gnolls
  5 adders
  3 white imps
  An ufetubus (D:6)
  7 adder zombies (Ossuary)
  2 worms
  A dart slug (D:2)
  35 orcs
  11 endoplasms
  2 giant cockroaches (D:2)
  3 gnoll zombies (Ossuary)
  5 goblins
  9 hobgoblins
  2 jackals (D:1)
  5 quokkas
  12 ball pythons
  5 bats
  5 frilled lizards
  A goblin zombie (D:8)
  4 hobgoblin zombies (Ossuary)
  14 kobolds
  2 kobold zombies (Ossuary)
  5 orc zombies (Ossuary)
  A quokka zombie (D:8)
  5 rats
349 creatures vanquished.

Vanquished Creatures (collateral kills)
  Fannar (D:10)
  A hydra (D:11)
  A centaur warrior (D:9)
  2 blink frogs (Lair:2)
  2 wyverns (D:9)
  8 yaks
  2 wargs (D:10)
  An orc warrior (D:10)
  2 wolves (Lair:3)
  A centaur (D:9)
  A bullfrog (Lair:1)
  A kobold brigand (D:9)
  A killer bee (D:9)
  A wight (D:9)
25 creatures vanquished.

Vanquished Creatures (others)
  7 fungi
  A plant (Lair:3)
8 creatures vanquished.

Grand Total: 382 creatures vanquished

Notes
Turn   | Place    | Note
-------+----------+-------------------------------------------
     0 | D:1      | freelancePsychic the Djinni Air Elementalist began the
                  | quest for the Orb.
     0 | D:1      | Reached XP level 1. HP: 15/15 MP: 0/0
   378 | D:1      | Reached XP level 2. HP: 16/22 MP: 0/0
   963 | D:1      | Reached skill level 1 in Fighting
  1255 | D:1      | Reached skill level 3 in Spellcasting
  1255 | D:1      | Reached XP level 3. HP: 21/27 MP: 0/0
  1255 | D:1      | Learned a level 1 spell: Beastly Appendage
  1692 | D:1      | Found a faded altar of an unknown god.
  1987 | D:2      | Noticed Terence
  2718 | D:2      | Noticed Jessica
  2722 | D:2      | Killed Jessica
  2723 | D:2      | Reached XP level 4. HP: 28/33 MP: 0/0
  3839 | D:3      | Reached XP level 5. HP: 33/38 MP: 0/0
  3839 | D:3      | Learned a level 2 spell: Ensorcelled Hibernation
  4122 | D:3      | Reached skill level 4 in Spellcasting
  4287 | D:3      | Reached XP level 6. HP: 26/45 MP: 0/0
  4825 | D:3      | Found an opulent altar of Gozag.
  5023 | D:4      | Noticed an ice beast
  5335 | D:4      | Noticed an ogre
  5336 | D:4      | Noticed Grinder
  5354 | D:4      | Killed an ogre
  5355 | D:4      | Reached skill level 5 in Spellcasting
  5355 | D:4      | Reached XP level 7. HP: 47/51 MP: 0/0
  5355 | D:4      | Learned a level 3 spell: Portal Projectile
  5400 | D:4      | Killed Grinder
  5723 | D:4      | Found a transporter.
  5754 | D:4      | Found a transporter.
  6124 | D:5      | Entered Level 5 of the Dungeon
  6242 | D:5      | Reached XP level 8. HP: 28/58 MP: 0/0
  6723 | D:5      | Reached skill level 6 in Spellcasting
  6832 | D:5      | Reached skill level 5 in Fighting
  7517 | D:5      | Reached skill level 7 in Spellcasting
  7517 | D:5      | Reached XP level 9. HP: 57/66 MP: 0/0
  7517 | D:5      | Learned a level 4 spell: Sticky Flame
  7728 | D:6      | Noticed Eustachio
  8021 | D:6      | Killed Eustachio
  8479 | D:6      | Reached skill level 8 in Spellcasting
  8567 | D:6      | Found a transporter.
  8568 | D:6      | Noticed petzl's ghost (novice OpAM)
  8631 | D:6      | Found a transporter.
  9268 | D:6      | Noticed Maggie
  9273 | D:6      | Killed Maggie
  9412 | D:6      | Reached XP level 10. HP: 63/75 MP: 0/0
  9470 | D:6      | Noticed Pikel
  9867 | D:6      | Killed Pikel
  9868 | D:6      | Reached skill level 9 in Spellcasting
 10521 | D:7      | Identified the +4 plate armour of Ennui {Rampage rPois
                  | Str-4 Stlth+}
 10784 | D:7      | Found a staircase to the Ecumenical Temple.
 10794 | Temple   | Entered the Ecumenical Temple
 10861 | Temple   | Became a worshipper of Makhleb the Destroyer
 10897 | D:7      | Found a one-way gate to the infinite horrors of the Abyss.
 10917 | D:7      | Found a transporter.
 10920 | D:7      | Noticed a hell hog
 10940 | D:7      | Found a transporter.
 11011 | D:7      | Noticed siradein's ghost (novice TrMo)
 11159 | D:8      | Found a sand-covered staircase.
 11174 | Ossuary  | Entered an ossuary
 12175 | D:8      | Reached * piety under Makhleb
 12809 | D:8      | Found Oloejet's Overcharged Wands.
 12984 | D:8      | Found a staircase to the Lair.
 13199 | D:9      | Reached skill level 10 in Spellcasting
 13806 | D:9      | Noticed a kobold demonologist
 13927 | D:9      | Noticed a rust devil
 13929 | D:9      | Killed a kobold demonologist
 13929 | D:9      | Reached ** piety under Makhleb
 13930 | D:9      | Reached XP level 11. HP: 66/84 MP: 0/0
 13930 | D:9      | Learned a level 4 spell: Summon Lightning Spire
 14858 | D:9      | Noticed a six-headed hydra
 15262 | D:10     | Entered Level 10 of the Dungeon
 15874 | D:10     | Noticed Fannar
 16010 | D:9      | Found Agoi's Antique Armour Shop.
 16014 | D:9      | Bought a cloak for 94 gold pieces
 16073 | D:9      | Reached skill level 11 in Spellcasting
 16323 | D:9      | Noticed a two-headed ogre
 16339 | D:9      | Killed a two-headed ogre
 16340 | D:9      | Reached skill level 5 in Dodging
 16714 | D:9      | Noticed a seven-headed hydra
 16718 | D:9      | Identified the +2 scimitar "Ultimatum" {vorpal, rF- Str+8
                  | Int-3 Stlth+}
 16720 | D:9      | Noticed a centaur warrior
 16724 | D:9      | Noticed a cyclops
 16725 | D:9      | Noticed a centaur warrior
 16725 | D:9      | Killed a centaur warrior
 16726 | D:9      | Reached skill level 10 in Fighting
 17410 | D:10     | Reached XP level 12. HP: 55/91 MP: 0/0
 17412 | D:10     | Reached skill level 1 in Evocations
 17414 | D:10     | HP: 4/91 [orc warrior (23)]
 18044 | D:11     | Reached *** piety under Makhleb
 18471 | D:11     | Noticed a five-headed hydra
 18481 | D:11     | Killed a five-headed hydra
 18685 | D:11     | Noticed an eight-headed hydra
 18698 | D:11     | Killed an eight-headed hydra
 18859 | D:11     | Reached skill level 12 in Spellcasting
 18862 | D:11     | Reached skill level 5 in Evocations
 19236 | D:11     | Found a snail-covered altar of Cheibriados.
 19739 | Lair:1   | Entered Level 1 of the Lair of Beasts
 19778 | Lair:1   | Identified the +0 robe of Kips {Archmagi}
 20734 | Lair:2   | Noticed a six-headed hydra
 20738 | Lair:2   | Killed a six-headed hydra
 20811 | Lair:2   | Reached XP level 13. HP: 71/96 MP: 0/0
 20811 | Lair:2   | Learned a level 5 spell: Metabolic Englaciation
 22039 | Lair:3   | Noticed Gastronok
 22050 | Lair:3   | Killed Gastronok
 23006 | Lair:3   | Reached **** piety under Makhleb
 23172 | Lair:3   | Identified a scroll of acquirement
 23173 | Lair:3   | Acquired a scarf of resistance
 23348 | D:10     | Noticed Snorg
 23353 | D:10     | Killed Snorg
 23476 | D:10     | Noticed a centaur warrior
 23480 | D:10     | Killed Fannar
 23482 | D:10     | Killed a centaur warrior
 24114 | D:9      | Slain by a two-headed ogre

Illustrated notes

Levels and vault maps discovered:
D:1:      lightli_arrival_lavapool, layout_rooms,
          dilly_ecumenical_altar_fadedgnrine, grunt_decor_arrowhead
D:2:      layout_basic, nrook_loot_triangle, minmay_quadrilaterals,
          uniq_terence, uniq_jessica
D:3:      layout_loops_ring, lemuel_doored_altar
D:4:      gammafunk_cloud_chamber, layout_cave_pools, uniq_grinder
D:5:      layout_gridville
D:6:      minmay_razor_zed, layout_basic, gammafunk_ghost_stat_death,
          minmay_misc_feat_doors, uniq_eustachio, uniq_maggie, uniq_pikel
D:7:      layout_basic, minmay_temple_entry_large_hall,
          gammafunk_ghost_abyssal_escape
D:8:      layout_rooms, lair_entry_dummy, enter_ossuary_4,
          nicolae_shop_overcharged_wands
D:9:      minmay_the_grid_square_5x5_4x4 [minmay_the_grid_square_5x5_checkered,
          minmay_the_grid_square_5x5_percent, minmay_the_grid_square_5x5_spiral,
          minmay_the_grid_square_5x5_tri_point,
          minmay_the_grid_square_5x5_bracketed,
          minmay_the_grid_square_5x5_prize_pseudospiral,
          minmay_the_grid_square_5x5_prize_open,
          minmay_the_grid_square_5x5_broken_cross,
          minmay_the_grid_square_5x5_meh,
          minmay_the_grid_square_5x5_prize_waves,
          minmay_the_grid_square_5x5_prize_monsterx,
          minmay_the_grid_square_5x5_pentomino_r,
          minmay_the_grid_square_5x5_spiral_small, minmay_the_grid_square_5x5_c,
          minmay_the_grid_square_5x5_minimal,
          minmay_the_grid_square_5x5_two_walls_a], layout_basic, serial_shops,
          shop
D:10:     layout_long_grid, nooodl_orcs_dogs, uniq_fannar, uniq_snorg
D:11:     layout_basic, cheibrodos_worm_habitat
Temple:   nicolae_temple_the_god_donut
Lair:1:   layout_gridlike, serial_bayou_shore_b
Lair:2:   layout_regular_city
Lair:3:   layout_roguey, uniq_gastronok

Skill      XL: |  1  2  3  4  5  6  7  8  9 10 11 12 13 |
---------------+----------------------------------------+-----
Fighting       | 1 2 3 4 5 7 9 10 | 10.1
Spellcasting   | 3 4 5 7 8 10 11 12 | 12.4
Dodging        | 5 7 9 |  9.0
Evocations     | 6 9 |  9.3
Stealth        | |  1.5

Action                   |  1- 3 |  4- 6 |  7- 9 | 10-12 | 13-15 || total
-------------------------+-------+-------+-------+-------+-------++-------
Melee: Dagger            |       |       |    14 |     5 |       ||    19
Throw: Dart              |       |     1 |     1 |       |       ||     2
 Cast: Shock             |    82 |   104 |    42 |     6 |       ||   234
       Static Discharge  |     9 |    12 |    22 |    54 |     5 ||   102
       Airstrike         |       |       |    57 |   295 |    85 ||   437
       Sticky Flame      |       |       |    10 |     7 |       ||    17
       Summon Lightning  |       |       |       |    33 |     9 ||    42
       Beastly Appendage |       |       |       |     1 |       ||     1
       Metabolic Englaci |       |       |       |       |     8 ||     8
Evoke: Phial of floods   |       |       |       |       |     1 ||     1
  Use: Scroll            |     3 |     1 |     2 |    10 |     2 ||    18
       Potion            |       |       |       |     2 |       ||     2
 Stab: Sleeping          |       |       |     1 |       |       ||     1
Armor: Robe              |       |     1 |    18 |       |     1 ||    20
       Steam dragon scal |       |       |       |    33 |       ||    33
Dodge: Dodged            |    10 |     6 |    32 |    86 |     2 ||   136

Table legend: (Time is in decaauts)
 A = Elapsed time spent in this place.
 B = Non-inter-level travel time spent in this place.
 C = Inter-level travel time spent in this place.
 D = Time resting spent in this place.
 E = Time spent auto-exploring this place.
 F = Levels seen in this place.
 G = Mean time per level.
                   A        B        C        D        E       F      G
               +--------+--------+--------+--------+--------+-----+--------+
         Total |  24122 |  23230 |    892 |   2309 |  18854 |  16 | 1507.6 |
       Dungeon |  19590 |  18825 |    765 |   2309 |  14810 |  11 | 1780.9 |
        Temple |     80 |     67 |     13 |      0 |     47 |   1 |   80.0 |
          Lair |   3521 |   3408 |    113 |      0 |   3130 |   3 | 1173.7 |
       Ossuary |    929 |    929 |      0 |      0 |    867 |   1 |  929.0 |
               +--------+--------+--------+--------+--------+-----+--------+

Top non-repeatable levels by time:
     D:9: 3529 daAuts
     D:6: 2434 daAuts
     D:2: 2032 daAuts
    D:10: 2009 daAuts
     D:1: 1948 daAuts
    D:11: 1834 daAuts
     D:5: 1612 daAuts
     D:3: 1320 daAuts
  Lair:3: 1280 daAuts
  Lair:2: 1217 daAuts
     D:8: 1149 daAuts
  Lair:1: 1023 daAuts
 Ossuary: 929 daAuts
     D:7: 892 daAuts
     D:4: 826 daAuts
